Cogmind - Beta 17 @@@ ROGUE MODE // 2026.07.10 @ 19:05:05 Player: D4-RLM Result: Self-destructed Performance ------------- Evolutions (1) 500 Regions Visited (3) 600 Robots Destroyed (14) 70 Value Destroyed (236) 236 Prototype IDs (0) 0 Alien Tech Used (0) 0 Bonus (71) 71 TOTAL SCORE: 1477 Bonus ------- Follower Combat Kills 71 Cogmind --------- Core Integrity 390/400 Matter 225/300 Energy 18/100 System Corruption 0% Temperature Cool (0) Movement Hovering (52) Location -9/Materials Parts ------- > --- POWER (1) -------- (None) > --- PROPULSION (3) --- Improved Hover Unit Improved Hover Unit Improved Hover Unit > --- UTILITY (3) ------ Medium Storage Unit Seismic Detector ECM Suite > --- WEAPON (2) ------- Spread Laser > --- INVENTORY (10) --- Light Treads Light Treads Wheel Improved Hover Unit Heat Sink Improved Light Armor Plating Slug Cannon Grenade Launcher Datajack Mining Laser Peak State ------------ > --- POWER ------------ Light Ion Engine > --- PROPULSION ------- Improved Hover Unit Improved Hover Unit Improved Hover Unit > --- UTILITY ---------- Medium Storage Unit Seismic Detector ECM Suite > --- WEAPON ----------- Spread Laser Grenade Launcher > --- INVENTORY -------- Light Treads Light Treads Wheel Improved Hover Unit Heat Sink Slug Cannon Datajack Mining Laser [Rating: 14] Favorites ----------- Power Ion Engine Engine Ion Engine Propulsion Wheel Treads Light Treads Wheel Wheel Hover Unit Improved Hover Unit Utility Seismic Detector Device Seismic Detector Storage Medium Storage Unit Weapon Spread Laser Energy Gun Spread Laser Ballistic Gun Assault Rifle Launcher Grenade Launcher Build | -11 -10 -10 -9 ------- Run | Yrd Mat Min Mat Slots Evolved 2 | . . . 2 Power . | . . . . Propulsion 1 | . . . 1 Utility 1 | . . . 1 Weapon . | . . . . Parts Attached 19 | 7 7 1 4 Power 3 | 1 2 . . Engine 3 | 1 2 . . Core . | . . . . Reactor . | . . . . Propulsion 7 | 2 1 1 3 Treads 1 | 1 . . . Leg . | . . . . Wheel 3 | 1 1 1 . Hover 3 | . . . 3 Flight . | . . . . Utility 4 | 2 1 . 1 Device 2 | 1 . . 1 Storage 2 | 1 1 . . Processor . | . . . . Hackware . | . . . . Protection . | . . . . Artifact . | . . . . Weapon 5 | 2 3 . . Energy Gun 2 | 1 1 . . Energy Cannon . | . . . . Ballistic Gun 2 | 1 1 . . Ballistic Cannon . | . . . . Launcher 1 | . 1 . . Special Weapon . | . . . . Impact Weapon . | . . . . Slashing Weapon . | . . . . Piercing Weapon . | . . . . Special Melee Weapon . | . . . . Unidentified Prototypes . | . . . . Parts Lost 1 | . 1 . . Power 1 | . 1 . . Propulsion . | . . . . Utility . | . . . . Weapon . | . . . . Highest Loss Streak 1 | . 1 . . To Critical Strikes . | . . . . Average Backups 7 | 2 6 10 9 Power . | . . . . Propulsion 3 | 1 3 5 4 Utility 1 | . 1 2 1 Weapon 1 | . 1 2 2 Tool/Special . | . . . . Unused Backups 8 | . 2 . 6 Power . | . . . . Propulsion 2 | . . . 2 Utility 2 | . . . 2 Weapon 3 | . 2 . 1 Tool/Special 1 | . . . 1 Average Slot Usage (%) 93 | . 91 100 86 Engine 10 | . 8 14 9 Treads 12 | . 13 14 . Wheel 12 | . 13 14 1 Hover 2 | . . . 31 Device 14 | . 13 14 20 Storage 13 | . 14 14 11 Energy Gun 13 | . 13 14 11 Ballistic Gun 6 | . 10 . . Launcher 6 | . 1 14 3 Peak Build Rating 14 | 7 9 9 14 Average Rating 7 | 5 7 9 12 On Entrance 6 | . 7 9 9 Avg Prop Armor Cover (%) 10 | 5 10 12 . Naked Turns . | . . . . Heaviest Build 22 | 14 21 20 22 Greatest Support 21 | 20 20 10 21 Greatest Overweight (x) 4 | 1 4 1 1 Average Overweight (x) . | . . 1 . Largest Inventory Capacity 10 | 8 10 10 10 Average Capacity 9 | 7 9 10 10 Most Carried 10 | 3 10 10 10 Average Carried 7 | 2 7 9 9 Final Capacity 10 | 8 10 10 10 Final Carried 10 | 3 10 10 10 Class Distribution -------------------- 100% | Mutant Dominant Class ---------------- Mutant | -10/Materials Mutant | -10/Mines Mutant | -9/Materials Resources | -11 -10 -10 -9 ----------- Run | Yrd Mat Min Mat Matter Collected 545 | 306 114 125 . Remotely . | . . . . Salvage Created 448 | 244 204 . . Parts 39 | 23 16 . . Haulers Intercepted 1 | . 1 . . Recyclers Shooed 2 | . 2 . . Parts Field Recycled . | . . . . Retrieved Matter . | . . . . Parts Self-Destructed . | . . . . Prevented . | . . . . Parts Restored . | . . . . Kills | -11 -10 -10 -9 ------- Run | Yrd Mat Min Mat Combat Hostiles Destroyed 4 | . 4 . . Guns 4 | . 4 . . Classes Destroyed 6 | 3 3 . . Worker 1 | 1 . . . Tunneler 6 | 6 . . . Hauler 1 | . 1 . . Recycler 1 | 1 . . . Operator 1 | . 1 . . Grunt 4 | . 4 . . Best Kill Streak 4 | 4 3 . . Combat Bots Only 2 | . 2 . . Max Kills in Single Turn 1 | 1 1 . . Gunslinging . | . . . . Exploded . | . . . . Melee . | . . . . Uniques/NPCs Destroyed . | . . . . Combat | -11 -10 -10 -9 -------- Run | Yrd Mat Min Mat Hostile Shots Fired 41 | . 23 . 18 Missed 15 | . 6 . 9 Hits 26 | . 17 . 9 Projectile 26 | . 17 . 9 Damage Taken 411 | . 321 . 90 Core 76 | . 66 . 10 Absorbed by Shields . | . . . . Core Remaining (%) 86 | 100 . 73 . Volleys Fired 56 | 12 43 . 1 Largest 2 | 2 2 . 1 Hottest 65 | 60 65 . 65 Shots Fired 101 | 24 76 . 1 Gun 96 | 24 71 . 1 Cannon . | . . . . Launcher 5 | . 5 . . Special . | . . . . Kinetic 45 | 12 33 . . Thermal 51 | 12 38 . 1 Explosive 5 | . 5 . . Electromagnetic . | . . . . Robot Hit Streak 11 | 11 6 . 3 Robot Miss Streak 8 | 1 8 . 1 Penetration Max . | . . . . Secondary Targets . | . . . . Shots Hit Robots 65 | 16 48 . 1 Core Hits 28 | 9 17 . 2 Critical Kills . | . . . . Critical Parts Destroyed 2 | . 2 . . Critical Strikes 2 | . 2 . . Destroy 2 | . 2 . . Melee Attacks . | . . . . Impact . | . . . . Slashing . | . . . . Piercing . | . . . . Sneak Attacks . | . . . . Combat Hostiles . | . . . . Follow-up Attacks . | . . . . Damage Inflicted 757 | 188 553 . 16 Guns 757 | 188 553 . 16 Cannons . | . . . . Explosions . | . . . . Melee . | . . . . Ramming . | . . . . Kinetic 359 | 89 270 . . Thermal 398 | 99 283 . 16 Explosive . | . . . . Electromagnetic . | . . . . Impact . | . . . . Slashing . | . . . . Piercing . | . . . . Highest Corruption . | . . . . Average Corruption . | . . . . Corruption Purged . | . . . . Corruption Blocked . | . . . . Overload Shots . | . . . . Overflow Damage . | . . . . Projectiles . | . . . . Explosions . | . . . . Melee . | . . . . Knockbacks . | . . . . Impact . | . . . . Kinetic . | . . . . Secondary . | . . . . Self-Inflicted Damage 104 | . 104 . . Shots 4 | . 4 . . Rammed . | . . . . Targets Rammed . | . . . . Kicked . | . . . . Crushed . | . . . . Highest Temperature 72 | . 72 . 27 Average Temperature 25 | . 25 . 16 Received Heat Transfer 129 | . 117 . 12 Siege Activations . | . . . . Martial Activations . | . . . . Shielding Activations . | . . . . Robots Disrupted . | . . . . Combat Hostiles . | . . . . Robots Corrupted . | . . . . Combat Hostiles . | . . . . Parts Fried . | . . . . Impact Corruptions . | . . . . Robots Melted . | . . . . Combat Hostiles . | . . . . Parts Melted . | . . . . Heat Transferred 830 | 225 585 . 20 Parts Sabotaged . | . . . . Parts Stolen . | . . . . Parts Stripped . | . . . . Power Chain Reactions . | . . . . Alert | -11 -10 -10 -9 ------- Run | Yrd Mat Min Mat Maximum Alert Level . | . . . . Low Security (%) 100 | 100 100 100 100 Level 1 . | . . . . Level 2 . | . . . . Level 3 . | . . . . Level 4 . | . . . . Level 5 . | . . . . High Security . | . . . . Max Security . | . . . . Peak Influence 163 | 10 84 . 163 Initial . | . . . . Average 11 | 1 19 . 18 Influence Increases 424 | 40 211 . 173 Destroy 0b10 Robot/C 180 | . 80 . 100 Destroy 0b10 Robot/NC 55 | 40 10 . 5 Destroy Leader 54 | . 32 . 22 Allied During Kill 31 | . . . 31 Successful Hack 33 | . 33 . . Disable Machine 30 | . 15 . 15 Destroy Structure 26 | . 26 . . Lose Combat Pursuer 15 | . 15 . . Influence Decreases 261 | 40 211 . 10 Time Decay 251 | 40 201 . 10 Lost Part 10 | . 10 . . Squads Dispatched 3 | . 2 . 1 Investigation 1 | . . . 1 Extermination . | . . . . Reinforcement 2 | . 2 . . Assault . | . . . . Garrison . | . . . . Intercept . | . . . . Searches Triggered . | . . . . Construction Impeded . | . . . . Haulers Reinforced . | . . . . Active Scanning Responses . | . . . . Cargo Convoy Interrupts . | . . . . Stealth | -11 -10 -10 -9 --------- Run | Yrd Mat Min Mat Distress Signals 2 | . . . 2 Communications Jammed . | . . . . Distress Signals . | . . . . Times Spotted 24 | . 14 . 10 Peak Tracking Total 7 | . 3 . 7 Tactical Retreats 2 | . 1 . 1 ECM-based Alert Blocks 1 | . . . 1 Traps | -11 -10 -10 -9 ------- Run | Yrd Mat Min Mat Traps Triggered 4 | . 4 . . Indirectly . | . . . . Trap Hack Attempts . | . . . . Triggered . | . . . . Disarmed . | . . . . Reprogrammed . | . . . . Reused . | . . . . Traps Extracted . | . . . . Installed . | . . . . Triggered . | . . . . Machines | -11 -10 -10 -9 ---------- Run | Yrd Mat Min Mat Machines Disabled 2 | . 1 . 1 Max in Single Turn 1 | . 1 . . Machines Repaired . | . . . . Machines Dismantled . | . . . . Machines Sabotaged . | . . . . Overloaded Fab Kills . | . . . . Hacking | -11 -10 -10 -9 --------- Run | Yrd Mat Min Mat Machines Accessed 5 | . 5 . . Terminals 5 | . 5 . . Fabricators . | . . . . Repair Stations . | . . . . Recycling Units . | . . . . Scanalyzers . | . . . . Garrison Access . | . . . . Total Hacks 18 | . 18 . . Successful 10 | . 10 . . Failed 8 | . 8 . . Catastrophic . | . . . . Database Lockouts . | . . . . Manual 14 | . 14 . . Terminals 18 | . 18 . . Fabricators . | . . . . Repair Stations . | . . . . Recycling Units . | . . . . Scanalyzers . | . . . . Garrison Access . | . . . . Terminal Hacks 8 | . 8 . . Branch Access Points 1 | . 1 . . Terminal Index 1 | . 1 . . Disarm Traps 2 | . 2 . . Recall Investigation 1 | . 1 . . Registered Components 1 | . 1 . . Zone Layout 2 | . 2 . . Fabricator Hacks . | . . . . Repair Station Hacks . | . . . . Recycling Unit Hacks . | . . . . Scanalyzer . | . . . . Garrison Access Hacks . | . . . . Unauthorized Hacks 2 | . 2 . . Terminals 2 | . 2 . . Botnet 2 | . 2 . . Fabricators . | . . . . Repair Stations . | . . . . Recycling Units . | . . . . Scanalyzers . | . . . . Garrison Access . | . . . . Data Cores Recovered . | . . . . Used . | . . . . Hacking Detections 2 | . 2 . . Full Trace Events . | . . . . Feedback Events . | . . . . Feedback Blocked . | . . . . Robot Schematics Acquired . | . . . . Robots Built . | . . . . Authchips . | . . . . Time . | . . . . Total Robot Build Rating . | . . . . Part Schematics Acquired . | . . . . Parts Built . | . . . . Authchips . | . . . . Time . | . . . . Total Part Build Rating . | . . . . Part Studies Acquired . | . . . . Parts Repaired . | . . . . Time . | . . . . Parts Recycled . | . . . . Recycled Matter . | . . . . Retrieved Matter . | . . . . Retrieved Components . | . . . . Parts Scanalyzed . | . . . . Part Schematics Acquired . | . . . . Parts Damaged . | . . . . Bothacking | -11 -10 -10 -9 ------------ Run | Yrd Mat Min Mat Used RIF Installer . | . . . . Robots Hacked . | . . . . Non-combat . | . . . . Combat . | . . . . Robot Hacks Applied . | . . . . Relay Couplers Released . | . . . . Fabnet Peak Effective % . | . . . . Robots Rewired . | . . . . Allies Hacked . | . . . . Hacks Repelled . | . . . . Allies | -11 -10 -10 -9 -------- Run | Yrd Mat Min Mat Total Allies 5 | . . 5 . Largest Group 5 | . . 5 5 Highest-Rated Group 82 | . . 82 82 Highest-Rated Ally 31 | . . 31 31 Total Orders . | . . . . Ally Attacks 32 | . . . 32 Total Damage 312 | . . . 312 Kills 7 | . . . 7 Allies Corrupted . | . . . . Allies Melted . | . . . . Intel | -11 -10 -10 -9 ------- Run | Yrd Mat Min Mat Active Infowar (turns) 1180 | 3 678 404 95 Seismic 1180 | 3 678 404 95 ECM 77 | . . . 77 Robot Analysis Total . | . . . . Derelict Logs Recovered . | . . . . Drone Launches . | . . . . Drone Recoveries . | . . . . Exploration | -11 -10 -10 -9 ------------- Run | Yrd Mat Min Mat Turns Passed 1430 | 228 703 404 95 Spaces Moved 967 | 116 402 373 76 Core 6 | 2 4 . . Treads 251 | 108 143 . . Legs . | . . . . Wheels 634 | 6 255 373 . Hover 76 | . . . 76 Flight . | . . . . Fastest Speed 50 | 50 80 95 52 Average Speed 109 | 154 119 95 56 Slowest Speed 250 | 160 250 95 112 Overloaded Moves . | . . . . Propulsion Burnouts . | . . . . Robots Hopped . | . . . . Potential Cave-ins . | . . . . Cave-ins Triggered . | . . . . Exploration Rate (%) 36 | 4 56 69 15 Regions Visited 3 Branch Regions 1 Pre-discovered Areas . | . . . . Known Exits Taken 1 | . 1 . . Unknown Exits Taken 2 | 1 . 1 . Scrap Searched 1 | . . 1 . Spaces Dug . | . . . . Terrain Destroyed 36 | . 36 . . Melee . | . . . . Projectile . | . . . . AOE 36 | . 36 . . Terrain Rammed . | . . . . Walls Destroyed . | . . . . Machines Disabled . | . . . . Actions | -11 -10 -10 -9 --------- Run | Yrd Mat Min Mat Total 1232 | 137 545 424 126 Wait 163 | . 75 46 42 Move 964 | 115 401 372 76 Hop . | . . . . Pick Up 16 | 3 10 2 1 Fast Attach 15 | 7 8 . . Attach 2 | . . . 2 Detach 1 | . . . 1 Swap 7 | . 4 1 2 Drop 8 | . 4 3 1 Fire 56 | 12 43 . 1 Melee . | . . . . Ram . | . . . . Kick . | . . . . Crush . | . . . . Escape Stasis . | . . . . Rewire . | . . . . Trap . | . . . . Miscellaneous . | . . . . Route ------- -11/Scrapyard -10/Materials (discovered 2 exits: [*Mat] / *Min) -10/Mines -9/Materials (discovered 1 exit: [*Min]) History --------- Turn | Location | Event 5 | -11/Scrapyard | Discovered new exit (range 15) 229 | -11/Scrapyard | Entered Materials 259 | -10/Materials | Discovered new exit (range 15) 304 | -10/Materials | Build established: Mutant 626 | -10/Materials | Discovered new exit (range 6) 739 | -10/Materials | Identified exit to Mines 932 | -10/Materials | Entered Mines 944 | -10/Mines | Met a Derelict bent on vengeance 1064 | -10/Mines | Found DCF Scrap (15 items) 1126 | -10/Mines | A weapon hastily lodged in a ceiling crevice suddenly fell to the ground 1172 | -10/Mines | Assisted by bots powering up and referring to "LRC-V3" 1291 | -10/Mines | Discovered new exit (range 7) 1336 | -10/Mines | Entered Materials 1336 | -9/Materials | Accompanied by 5 allies 1336 | -9/Materials | Evolved 2 slots: Propulsion x1, Utility x1 1338 | -9/Materials | Discovered new exit (range 8) 1341 | -9/Materials | Led the pair of lost Derelicts to an unsafe place 1431 | -9/Materials | Self-destructed Last Messages --------------- 01416_ K-01 Serf collects debris. 01418_ R-06 Scavenger collects Ion Engine. 01418_ C-30 ARC bursts open, deploying its payload. 01418_ S-10 Pest unfolds itself. 01419_ W-16 Scout destroyed. 01419_ K-01 Serf collects debris. 01422_ R-06 Scavenger collects Sml. Laser. 01422_ K-01 Serf collects debris. 01423_ Mercenary 1a destroyed. 01424_ S-10 Pest destroyed. 01424_ K-01 Serf collects debris. 01424_ A-02 Transporter destroyed. 01425_ S-10 Pest destroyed. 01425_ K-01 Serf collects debris. 01426_ S-10 Pest destroyed. 01427_ K-01 Serf collects debris. 01428_ R-06 Scavenger collects Lgt. Ion Engine. 01428_ Electrolysis Chamber disabled. 01429_ K-01 Serf collects debris. Map ----- +----------------------------------------------------+ | ?????????????????????????### #### #????? | | ???????????????????????????# !!! #????? | | ???????????????????????????# !=! #????? | | ???????????????????????????# != #????? | | ???????????????????????????# ####?? | | ???????????????????????????# #?? | | ???????????????????????????# #?? | | ???????????????????????????# #?? | | ???????????????????????????# #?? | | ???????????????????????????# #?? | | ???????????????????????????## #?? | | ????????????????????????????# #?? | | ?????????????????+#######???# #?? | | ?????????????????? ???# #?? | | ??????????????????? ???# #?? | | ?????????????? ? ?? ???# #?? | | ?????????????? """ ???# #?? | | ??????????????# """ #??# #?? | | ??????????????# %""" [ #### g #?? | | ??????????????" [%! %[ g= #?? | | ??????????????" *%=* g #?? | | ??????????????T """% Y #?? | | ?????????????"" "" = r #####+#+##?? | | ?????????????"" """ # #? | | ??????????????# # #? | | ??????????+ @ # #? | | ?????????????## a %=k # #? | | ??????????????# != # #? | | ??????????????###########u% # #? | | ????????????????????????# # #? | | ???????????????????????? # #? | | ??????????????????????? # #? | | ??????????????????????? k # #? | | ?????????????????????? w # #? | | ?????????????????????? ##+########? | | ?????????????????????? g u??????????? | | ?????????????????????? ?????????? | | ?????????????????????? ?????????? | | ?????????????????????? ]] ?????????? | | ???????????????????????? ]] ???????????? | | ???????????????????????? ]]?????????????? | | ?????????????????????????????????????????? | | ?????????????????????????????????????????? | | ?????????????????????????????????????????? | | ?????????????????????????????????????????? | | ?????????????????????????????????????????? | | ?????????????????????????????????????????? | | ?????????????????????????????????????????? | | ?????????????????????????????????????????? | | ?????????????????????????????????????????? | +----------------------------------------------------+ Best States ------------- Heat Dissipation 28 Energy Generation 10 Energy Capacity 250 Matter Stores 300 Matter Capacity 300 Sight Range 16 Terrain Scan Density 10 ECM Strength 1 Evasion (%) 54 Recoil Reduction 1 Item Schematics ----------------- None Robot Schematics ------------------ None Fabricated ------------ Nothing Repaired ---------- Nothing Studied --------- None Alien Tech Used ----------------- None Achievements -------------- None Challenges ------------ None Game ------ Seed GravityActuatorMatter Manual? 0 Play Time 00:23:52 Cumulative 35.7 hours Start 2026.07.10 @ 17:11:20 End 2026.07.10 @ 19:05:05 Sessions 3 Manual Loads 0 Difficulty Rogue Special Mode None Game No. 51 Rogue 47 Adventurer 4 Explorer 0 Win Type - Total 0 Types 0/0/0/0/0/0/0/0/0/0 Lore% 11 Gallery% 15 Achievement% 15 Wizard Run 0 Options --------- Layout 2 ASCII 0 Keyboard 1 Movement Numpad Keybinds 0 Fullscreen 1 Font 16/Terminus Map View 25x22 Zoom Use 66% Tactical HUD 1 Map Filters NONE Filters NONE Steam SD RUN: 92767cd4-baf7-47a2-9a2a-a742813fd3ff